 Dungeon Crawl Stone Soup version 0.27-a0-406-g23f261fbd2 (webtiles) character file.

Game seed: 5778535832488896958

555 dickylongcocking the Skirmisher (level 7, -2/76 HPs)
             Began as an Ogre Fighter on Feb 22, 2021.
             Was an Initiate of Gozag.
             Slain by an ogre
             ... wielding a +0 giant club
              (5 damage)
             ... on level 4 of the Dungeon.
             The game lasted 00:03:30 (5520 turns).

dickylongcocking the Skirmisher (Ogre Fighter)      Turns: 5520, Time: 00:03:30

Health: -2/76      AC:  3    Str: 21    XL:     7   Next: 30%
Magic:  7/7        EV:  8    Int: 15    God:    Gozag
Gold:   481        SH:  8    Dex:  8    Spells: 6/6 levels left

rFire    . . .     SeeInvis .   a - +0 war axe
rCold    . . .     Faith    .   c - +0 kite shield
rNeg     + . .     Spirit   .   b - +0 robe
rPois    .         Reflect  .   (helmet restricted)
rElec    .         Harm     .   (no cloak)
rCorr    .         Rampage  .   (gloves unavailable)
Will     .....                  (boots unavailable)
Stlth    +.........             (no amulet)
HPRegen  0.22/turn              d - +6 ring of intelligence
MPRegen  0.10/turn              q - ring of positive energy

@: no status effects
A: large, unfitting armour, clumsy 1, mutation resistance 1, tough skin 1
a: Renounce Religion, Potion Petition, Call Merchant, Bribe Branch


You were on level 4 of the Dungeon.
You worshipped Gozag.
Gozag was aware of your devotion.
You visited 1 branch of the dungeon, and saw 4 of its levels.

You collected 531 gold pieces.
You paid 50 gold pieces to Gozag.

Inventory:

Hand Weapons
 a - a +0 war axe (weapon)
Missiles
 l - a throwing net (quivered)
Armour
 b - a +0 robe (worn)
 c - a +0 kite shield (worn)
Jewellery
 d - a +6 ring of intelligence (left hand)
 f - a ring of fire
 j - an amulet of the acrobat {unknown}
 q - a ring of positive energy (right hand)
Scrolls
 g - a scroll of fog {unknown}
 h - a scroll of enchant armour {unknown}
 i - 6 scrolls of identify {unknown}
 k - a scroll of immolation {unknown}
 m - a scroll of blinking {unknown}
 n - 3 scrolls of teleportation {unknown}
 p - a scroll of fear {unknown}
 r - 2 scrolls of random uselessness {unknown}
 s - a scroll of enchant weapon {unknown}
Potions
 e - a potion of attraction {unknown}
 o - a potion of flight


   Skills:
 * Level 6.8 Fighting
 * Level 6.5 Axes
 - Level 2.6 Dodging
 - Level 2.6 Shields


You had 6 spell levels left.
You didn't know any spells.
Your spell library was empty.

Dungeon Overview and Level Annotations

Branches:
Dungeon (4/15)
 Temple: D:4-7

Altars:
Cheibriados
Elyvilon
Fedhas
Gozag
Hepliaklqana
Nemelex Xobeh
Uskayaw


Innate Abilities, Weirdness & Mutations

You are too large for most types of armour.
You have tough skin. (AC +1)
You are clumsy. (Dex -2)
You are somewhat resistant to further mutation.


Message History

Key pressed, stopping explore.
No target in view!
You now have 481 gold pieces (gained 6).
j - a dented zirconium amulet No target in view!
Found 11 stones.
No target in view!
o - a potion of flight No target in view!
Found a brightly glowing dagger.
No target in view!
An ogre comes into view. It is wielding a +0 giant club.
The ogre shouts!
An ogre is nearby!
An ogre is nearby!
You see here 14 gold pieces.
The ogre hits you with a +0 giant club!
You closely miss the ogre. The ogre hits you with a +0 giant club!
You slash the ogre!
The ogre is heavily wounded.
The ogre hits you with a +0 giant club!!
You closely miss the ogre.
The ogre is heavily wounded.
The ogre hits you with a +0 giant club!
You are too injured to fight recklessly!
You hit the ogre.
The ogre is severely wounded.
The ogre hits you with a +0 giant club!!
* * * LOW HITPOINT WARNING * * *
Unknown command.
Okay, then.
You hit the ogre.
The ogre is severely wounded.
You block the ogre's attack.
Unknown command.
You closely miss the ogre.
The ogre is severely wounded.
The ogre hits you with a +0 giant club.
You die...
Your body crumbles into a pile of gold.

#########
#####.......#######
#.............)....
#.###..#..$.###
#... #.##..###..##
#... # #.#..#+
+#..###### #..# #
#...## ##.O@...#
#..# # #..##
##..##.# #..# #
##..## ##..##
#..### ##..##
##..## #..##.
##..###..# ##.....
##..#...# #
####..#### ##...#.#
#.###.....# #
#####.# #...#...###
## #.# #[....# #)


You could see an ogre.

Vanquished Creatures
  A phantom (D:4)
  2 howler monkeys (D:4)
  Crazy Yiuf (D:3)
  2 hounds (D:4)
  3 worker ants (D:4)
  10 adders
  2 oozes
  3 worms
  5 dart slugs
  4 leopard geckos
  16 orcs
  2 ball pythons
  9 bats
  7 giant cockroaches
  7 goblins
  10 hobgoblins
  8 jackals
  A quokka (D:3)
  8 frilled lizards
  5 kobolds
  9 rats
115 creatures vanquished.

Notes
Turn   | Place    | Note
-------+----------+-------------------------------------------
     0 | D:1      | dickylongcocking the Ogre Fighter began the quest for the
                  | Orb.
     0 | D:1      | Reached XP level 1. HP: 24/24 MP: 1/1
   233 | D:1      | Reached XP level 2. HP: 30/32 MP: 2/2
   528 | D:1      | Reached XP level 3. HP: 39/39 MP: 3/3
  1534 | D:2      | Reached XP level 4. HP: 28/48 MP: 4/4
  2545 | D:2      | Reached skill level 5 in Axes
  2707 | D:2      | Reached XP level 5. HP: 53/54 MP: 5/5
  2746 | D:3      | Found a white marble altar of Elyvilon.
  2757 | D:3      | Found a sparkling altar of Nemelex Xobeh.
  2785 | D:3      | Found an opulent altar of Gozag.
  2862 | D:3      | Became a worshipper of Gozag Ym Sagoz the Greedy
  2914 | D:3      | Found a snail-covered altar of Cheibriados.
  3239 | D:3      | Found a hazy altar of Hepliaklqana.
  3303 | D:3      | Found a hide-covered altar of Uskayaw.
  3963 | D:3      | Found a runed translucent door.
  3964 | D:3      | Noticed Crazy Yiuf
  4350 | D:3      | Killed Crazy Yiuf
  4351 | D:3      | Reached skill level 5 in Fighting
  4351 | D:3      | Reached XP level 6. HP: 50/66 MP: 6/6
  4770 | D:4      | Found a blossoming altar of Fedhas.
  4840 | D:4      | Gained mutation: You are clumsy. (Dex -2) [potion of
                  | mutation]
  4840 | D:4      | Gained mutation: You are somewhat resistant to further
                  | mutation. [potion of mutation]
  4852 | D:4      | Reached XP level 7. HP: 38/75 MP: 7/7
  5514 | D:4      | HP: 2/76 [ogre/+0 giant club (24)]
  5520 | D:4      | Slain by an ogre

Illustrated notes

Levels and vault maps discovered:
D:1:      dpeg_arrival_arbitrary_a, layout_loops_ring
D:2:      layout_basic
D:3:      layout_loops_ring, lemuel_crystal_altar,
          lemuel_coloured_pillars_altar, kennysheep_slug_shrine,
          nemelex_xobeh_ov_fountains_minmay, grunt_gozag_statues, serial_forest,
          infiniplex_forest_clump_small, infiniplex_forest_corner_1,
          infiniplex_forest_lined_corner, infiniplex_forest_fountain,
          infiniplex_forest_zigzag_2, elyvilon_altar_5, uniq_crazy_yiuf_cottage
D:4:      layout_rooms, marbit_many_paths, nemelex_diamond_rough_becter

Skill      XL: |  1  2  3  4  5  6 |
---------------+-------------------+-----
Axes           | 3 4 5 6 |  6.5
Fighting       | 5 6 |  6.8
Dodging        | |  2.6
Shields        | |  2.6

Action                   |  1- 3 |  4- 6 |  7- 9 || total
-------------------------+-------+-------+-------++-------
Melee: War axe           |   125 |   207 |    41 ||   373
  Use: Potion            |       |     7 |       ||     7
Armor: Robe              |    39 |    55 |    14 ||   108
       Skin              |       |    16 |     4 ||    20
Dodge: Dodged            |    64 |    89 |    24 ||   177
Block: Kite shield       |    62 |    94 |    21 ||   177

Table legend: (Time is in decaauts)
 A = Elapsed time spent in this place.
 B = Non-inter-level travel time spent in this place.
 C = Inter-level travel time spent in this place.
 D = Time resting spent in this place.
 E = Time spent auto-exploring this place.
 F = Levels seen in this place.
 G = Mean time per level.
                   A        B        C        D        E       F      G
               +--------+--------+--------+--------+--------+-----+--------+
         Total |   5704 |   5528 |    176 |    510 |   4071 |   4 | 1426.0 |
       Dungeon |   5704 |   5528 |    176 |    510 |   4071 |   4 | 1426.0 |
               +--------+--------+--------+--------+--------+-----+--------+

Top non-repeatable levels by time:
     D:3: 1923 daAuts
     D:2: 1591 daAuts
     D:1: 1262 daAuts
     D:4: 928 daAuts
